 Dungeon Crawl Stone Soup version 0.30-a0-168-g0b976cbdc4 (webtiles) character file.

Game seed: 15980656022510115550

102 qw the Chopper (level 4, -3/28 HPs)
             Began as a Gargoyle Fighter on Sept 29, 2022.
             Killed from afar by a white imp (10 damage)
             ... with a puff of frost
             ... summoned by Natasha
             ... on level 2 of the Dungeon.
             The game lasted 00:00:42 (2384 turns).

qw the Chopper (Gargoyle Fighter)                   Turns: 2384, Time: 00:00:42

Health: -3/28      AC: 11    Str: 21    XL:     4   Next: 78%
Magic:  4/4        EV:  9    Int:  9    God:
Gold:   57         SH:  4    Dex:  9    Spells: 3/3 levels left

rFire   . . .      SeeInvis .    Y - +0 war axe
rCold   . . .      Faith    .    c - +0 buckler
rNeg    + . .      Spirit   .    b - +0 scale mail
rPois   inf        Reflect  .    (no helmet)
rElec   +          Harm     .    g - +0 cloak
rCorr   .          Rampage  .    (no gloves)
Will    .....                    (no boots)
Stlth   ..........               (no amulet)
HPRegen 0.09/turn                (no ring)
MPRegen 0.09/turn                (no ring)

@: slowed, very slow
A: sickness immunity, AC +3, negative energy resistance 1, electricity
resistance, torment resistance 1, petrification resistance
a: no special abilities


You were on level 2 of the Dungeon.
You visited 1 branch of the dungeon, and saw 2 of its levels.

You collected 57 gold pieces.


Innate Abilities, Weirdness & Mutations

You are immune to sickness and miasma.
Your stone body is resilient. (AC +3)
You are immune to poison.
You resist negative energy. (rN+)
You are resistant to electric shocks. (rElec)
You are resistant to unholy torment.
You are immune to petrification.


   Skills:
 - Level 3.2 Fighting
 + Level 4.4 Axes
 - Level 3.2 Armour
 - Level 3.2 Shields


You had 3 spell levels left.
You didn't know any spells.
Your spell library was empty.

Inventory:

Hand Weapons
 f - a +0 mace
 Y - a +0 war axe (weapon)
Armour
 b - a +0 scale mail (worn)
 c - a +0 buckler (worn)
 g - a +0 cloak (worn)
 i - a +0 chain mail
Scrolls
 a - a scroll of summoning {unknown}
 h - a scroll of torment {unknown}
Potions
 d - a potion of might
 e - a potion of heal wounds {unknown}
 j - a potion of curing
 k - a potion of lignification {unknown}

Dungeon Overview and Level Annotations

Branches:
Dungeon (2/15)

Altars:

Shops:
D:1 [

Annotations:
D:2 Natasha


Message History

You barely miss the crimson imp. You miss Natasha.
The crimson imp hits you but does no damage.
Natasha closely misses you. The crimson imp closely misses you.
You hit the crimson imp.
The crimson imp is lightly wounded.
You closely miss Natasha. You block Natasha's attack.
The crimson imp barely misses you.
You closely miss the crimson imp. You closely miss Natasha.
Natasha casts a spell at you.
You feel yourself slow down. The crimson imp hits you. Natasha claws you.
You closely miss the crimson imp. You hit Natasha.
The crimson imp disappears in a puff of smoke!
Natasha casts a spell at you. The magic dart hits you.
Natasha closely misses you.
You barely miss Natasha.
Natasha is lightly wounded.
Natasha casts a spell at you. The magic dart hits you.
You block Natasha's attack.
You closely miss Natasha.
Natasha is lightly wounded.
Natasha claws you but does no damage. Natasha claws you.
You barely miss Natasha.
Natasha is lightly wounded.
Natasha barely misses you.
You hit Natasha but do no damage.
Natasha is lightly wounded.
You block Natasha's attack. x2
You slash Natasha!
Natasha is severely wounded.
Natasha mumbles some strange words.
Natasha drinks a potion.
Natasha is healed!
You hit Natasha.
Natasha is severely wounded.
Natasha claws you but does no damage. Natasha closely misses you.
You closely miss Natasha.
Natasha is severely wounded.
You barely miss the white imp. The white imp gestures at you.
The puff of frost hits you!
You die...

......# #.#.......#
....^ ##.#.......#
...###..........# ## #
#.............. .# .#
#.##...##...### .####.#
##.###......... .#.....
........##...##.
##.#.....
##.##...##...#
#....(... #....5@..##.#
#.#......
##....h.....###<%......
##.##.#.........#.....
#.##................>
#.####....####?####.#
#.# #....# #.# # #<#
......# #.# #.#
.....#.##.# #.
...........


You could see Natasha and a white imp (summoned).

Vanquished Creatures
  Natasha (twice) (D:2)
  A gnoll (D:1)
  A worm (D:2)
  2 dart slugs (D:1)
  4 endoplasms
  3 giant cockroaches (D:1)
  2 hobgoblins
  A quokka (D:1)
  5 ball pythons
  8 bats
  2 frilled lizards
  4 goblins
  3 kobolds (D:1)
  A rat (D:1)
39 creatures vanquished.

Notes
Turn   | Place    | Note
-------+----------+-------------------------------------------
     0 | D:1      | qw the Gargoyle Fighter began the quest for the Orb.
     0 | D:1      | Reached XP level 1. HP: 14/14 MP: 1/1
     0 | D:1      | 0 ||| qw: Version: 0.2-a-12-gaebbb33
     0 | D:1      | 0 ||| qw: Game counter: 1235
     0 | D:1      | 0 ||| qw: Always use a shield: true
     0 | D:1      | 0 ||| qw: God list: Okawaru
     0 | D:1      | 0 ||| qw: Allow faded altars: false
     0 | D:1      | 0 ||| qw: Do Orc after D:15 true
     0 | D:1      | 0 ||| qw: Do second Lair branch before Depths: true
     0 | D:1      | 0 ||| qw: Lair rune preference: random
     0 | D:1      | 0 ||| qw: Plans: Normal, Zot:1-4, God:TSO, Crypt, Tomb,
                  | Pan, Slime:5, Hells, Abyss, Orb
     0 | D:1      | 0 ||| PLANNING D:1-11
    91 | D:1      | Found Ofuol's Armour Boutique.
    94 | D:1      | 94 ||| SHOPLISTING +0 chain mail (58 gold, have 15).
    94 | D:1      | 94 ||| SHOPLISTING +0 cloak (58 gold, have 15).
    94 | D:1      | 94 ||| SHOPLISTING +0 kite shield (58 gold, have 15).
   107 | D:1      | Reached skill level 2 in Axes
   421 | D:1      | Reached XP level 2. HP: 16/19 MP: 2/2
   596 | D:1      | 596 ||| UPGRADING to +0 cloak.
   653 | D:1      | Found a faded altar of an unknown god.
   761 | D:1      | Reached skill level 3 in Axes
   761 | D:1      | Reached XP level 3. HP: 13/23 MP: 3/3
  1108 | D:1      | 1108 ||| Stepping ~*~*~tactically~*~*~ (stealth).
  1193 | D:1      | 1193 ||| Stepping ~*~*~tactically~*~*~ (stealth).
  1480 | D:1      | 1480 ||| Stepping ~*~*~tactically~*~*~ (hiding).
  1482 | D:1      | 1482 ||| Stepping ~*~*~tactically~*~*~ (hiding).
  1591 | D:1      | 1591 ||| READING 2 scrolls labelled RUSAOMM GAETO.
  1640 | D:1      | 1640 ||| READING scroll labelled POHYTE ZE COFU.
  1641 | D:1      | 1641 ||| READING scroll labelled RUSURI EBRIA.
  1703 | D:2      | Noticed Natasha
  1704 | D:2      | 1704 ||| Stepping ~*~*~tactically~*~*~ (hiding).
  1714 | D:2      | Killed Natasha
  1715 | D:2      | Reached XP level 4. HP: 25/28 MP: 4/4
  1719 | D:2      | Reached skill level 4 in Axes
  1915 | D:2      | Noticed Natasha
  1916 | D:2      | 1916 ||| FLEEEEING.
  1917 | D:2      | 1917 ||| STAIRDANCE
  1965 | D:2      | HP: 6/28 [Natasha/magic dart (2)]
  1966 | D:2      | 1966 ||| READING scroll of teleportation.
  1971 | D:2      | HP: 6/28 [frozen (1)]
  1974 | D:2      | 1974 ||| Stepping ~*~*~tactically~*~*~ (stealth).
  2277 | D:2      | Killed Natasha
  2365 | D:2      | Noticed Natasha
  2366 | D:2      | 2366 ||| Stepping ~*~*~tactically~*~*~ (stealth).
  2379 | D:2      | HP: 6/28 [Natasha (3)]
  2384 | D:2      | Killed from afar by a white imp

Levels and vault maps discovered:
D:1:      sevenhm_arrival_forest_fort_small_5, layout_rooms,
          hellmonk_ecumenical_altar_zigzags, serial_shops,
          nicolae_shop_behind_doors, serial_co_window_serial, co_window_paths_a,
          co_window_paths_a, co_window_of_opportunity_a, co_window_paths_b,
          co_window_cross_1, co_window_unsneaky_path_e, co_window_corner_cb,
          co_window_cross_2, co_window_2corner, co_window_2corner,
          glass_columns_b, glass_columns_a, glass_columns_b,
          minmay_misc_feat_more_columns
D:2:      layout_loops_ring, chequers_serial_rivers_small_3,
          hangedman_abyss_or_decor_lesser_grid, kennysheep_generic_room_5,
          uniq_natasha

Skill      XL: |  1  2  3  4 |
---------------+-------------+-----
Axes           | 2 3 4 |  4.4
Fighting       | |  3.2
Armour         | |  3.2
Shields        | |  3.2

Action                   |  1- 3 |  4- 6 || total
-------------------------+-------+-------++-------
Melee: War axe           |    81 |    83 ||   164
  Use: Scroll            |     3 |     1 ||     4
Armor: Scale mail        |    46 |    48 ||    94
Dodge: Dodged            |    42 |    36 ||    78
Block: Buckler           |     9 |    22 ||    31

Table legend:
 A = Non-vault XP
 B = Vault XP
 C = Vault XP percentage of total XP
 D = Non-vault monster count
 E = Vault monster count
 F = Vault count percentage of total count
                 A         B        C        D         E       F
            +---------+---------+-------+---------+---------+-------
      Total |     111 |      36 |  24.5 |      38 |       1 |   2.6
            +---------+---------+-------+---------+---------+-------
        D:1 |      57 |       0 |   0.0 |      27 |       0 |   0.0
        D:2 |      54 |      36 |  40.0 |      11 |       1 |   8.3
            +---------+---------+-------+---------+---------+-------
